 Dungeon Crawl Stone Soup version 0.30-a0-989-g0d87f670db (webtiles) character file.

Game seed: 8416163988468442233

393 jasper the Ruffian (level 6, -2/47 HPs)
             Began as a Demonspawn Wanderer on Apr 3, 2023.
             Succumbed to an orc's poison
             ... on level 4 of the Dungeon.
             The game lasted 00:06:11 (3638 turns).

jasper the Ruffian (Demonspawn Wanderer)            Turns: 3638, Time: 00:06:11

Health: -2/47      AC:  6    Str: 16    XL:     6   Next: 51%
Magic:  7/7        EV:  6    Int: 13    God:
Gold:   247        SH:  3    Dex: 11    Spells: 6/7 levels left

rFire   . . .      SeeInvis .      - Unarmed
rCold   . . .      Faith    .    n - +0 buckler
rNeg    . . .      Spirit   .    i - +0 scale mail
rPois   .          Reflect  .    (no helmet)
rElec   .          Rampage  .    (no cloak)
rCorr   .                        (no gloves)
Will    .....                    (no boots) Stlth
                                 (no amulet)
HPRegen 0.27/turn                (no ring)
MPRegen 0.20/turn                (no ring)

@: lethally poisoned (-2 -> -22), constricted
A: claws 1, powered by death 1, magic regeneration
a: no special abilities


You were on level 4 of the Dungeon.
You visited 1 branch of the dungeon, and saw 4 of its levels.

You collected 247 gold pieces.

Inventory:

Hand Weapons
 a - a +0 quarterstaff of draining
 c - a +0 dagger
Missiles
 b - 11 poisoned darts (quivered)
Armour
 e - a +0 leather armour
 h - a +0 ring mail
 i - a +0 scale mail (worn)
 n - a +0 buckler (worn)
Wands
 f - a wand of polymorph (6)
 m - a wand of flame (16)
Scrolls
 g - 2 scrolls of fog
 j - a scroll of amnesia {unknown}
 k - a scroll of vulnerability {unknown}
 l - a scroll of teleportation {unknown}


   Skills:
 + Level 3.6 Fighting
 - Level 3.1 Staves
 - Level 1.0 Throwing
 + Level 1.3 Armour
 - Level 1.0 Dodging
 - Level 1.0 Stealth
 + Level 0.0 Shields
 * Level 4.3 Unarmed Combat
 - Level 1.0 Spellcasting
 - Level 2.0 Hexes
 - Level 1.0 Evocations


You had 6 spell levels left.
You knew the following spells:

 Your Spells              Type           Power      Damage    Failure   Level
a - Slow                  Hex            20%        N/A       54%         1

Your spell library contained the following spells:

 Spells                   Type           Power      Damage    Failure   Level
 Confusing Touch          Hex            5%         N/A       88%         3
 Lesser Beckoning         Tloc           0%         N/A       91%         2
 Scorch                   Fire           0%         2d5       91%         2
 Gell's Gravitas          Tloc           0%         N/A       99%         3
 Teleport Other           Tloc           0%         N/A       99%         3
 Flame Wave               Conj/Fire      0%         2d4       100%        4
 Leda's Liquefaction      Hex/Erth       1%         N/A       100%        4
 Summon Cactus Giant      Summ           0%         N/A       100%        6


Dungeon Overview and Level Annotations

Branches:
Dungeon (4/15)
 Temple: D:4-7

Altars:
Kikubaaqudgha


Innate Abilities, Weirdness & Mutations

You have sharp fingernails.
You regenerate a little health from kills.
You regenerate magic rapidly.


Message History

The orc hits you from afar with a +0 trident.
The goblin hits you with a +0 club.
The orc hits you with a +2 short sword of venom.
You are more poisoned.
The ball python bites you but does no damage.
The ball python constricts you.
You take 11 damage, and have 22/47 hp.
MASSIVE DAMAGE!!
You barely miss the orc.
The orc is heavily wounded.
You feel very sick. The orc hits you but does no damage.
The goblin hits you but does no damage. The orc hits you but does no damage.
You are lethally poisoned!
The ball python bites you but does no damage.
The ball python constricts you.
You take 4 damage, and have 18/47 hp.
You aren't carrying any potions.
Okay, then.
You closely miss the goblin.
* * * LOW HITPOINT WARNING * * *
You feel very sick.
The orc hits you from afar with a +0 trident.
* * * LOW HITPOINT WARNING * * *
The goblin hits you with a +0 club.
* * * LOW HITPOINT WARNING * * *
The orc hits you but does no damage.
You are more poisoned.
The ball python barely misses you. The ball python constricts you.
You take 9 damage, and have 9/47 hp.
You closely miss the ball python.
* * * LOW HITPOINT WARNING * * *
You feel very sick. You block the ball python's attack.
The ball python constricts you. The orc barely misses you.
The goblin hits you but does no damage. You block the orc's attack.
The ball python barely misses you. The ball python constricts you.
You take 6 damage, and have 3/47 hp.
You scratch the ball python.
The ball python is severely wounded.
You die...

#..............
#......[.......
#..............
##########...##.......
...#...###...##......[
#..........######'##
#.......^..##.......
#...................
#og@................
#...'.So................
#...##..................
#.. ###'###...##.......
.. ... ######.......
....#............
....#...)........
...#.)..........
#############


You could see 2 orcs, a goblin and a ball python.

Vanquished Creatures
  An orc priest (D:4)
  A jelly (D:4)
  2 hounds (D:4)
  Terence (D:3)
  A sleepcap (D:4)
  An iguana (D:4)
  An orc wizard (D:4)
  A hound zombie (D:3)
  A hound skeleton (D:3)
  3 adders
  3 gnolls (D:2)
  An ufetubus (D:4)
  3 adder zombies (D:3)
  An adder skeleton (D:3)
  A worm (D:2)
  2 dart slugs
  3 orcs (D:4)
  8 ball pythons
  3 endoplasms
  2 giant cockroaches (D:1)
  7 goblins
  5 hobgoblins
  3 jackals (D:3)
  4 kobolds
  2 quokkas
  A ball python skeleton (D:3)
  7 bats
  5 frilled lizards (D:2)
  3 rats
77 creatures vanquished.

Notes
Turn   | Place    | Note
-------+----------+-------------------------------------------
     0 | D:1      | jasper the Demonspawn Wanderer began the quest for the Orb.
     0 | D:1      | jasper set off with the following items: a +0 quarterstaff,
                  | 11 poisoned darts, a +0 dagger, a potion of invisibility, a
                  | +0 leather armour; and the following spell memorised: Slow;
                  | and the following spells available to memorise: Confusing
                  | Touch, Leda's Liquefaction.
     0 | D:1      | Reached XP level 1. HP: 13/13 MP: 2/2
   292 | D:1      | Gained mutation: You have sharp fingernails. [demonic
                  | ancestry]
   292 | D:1      | Reached XP level 2. HP: 20/20 MP: 3/3
   339 | D:1      | Reached skill level 1 in Fighting
   551 | D:1      | Reached skill level 1 in Unarmed Combat
   572 | D:1      | Found a faded altar of an unknown god.
  1110 | D:2      | Reached XP level 3. HP: 26/26 MP: 4/4
  1570 | D:2      | Reached skill level 2 in Unarmed Combat
  1666 | D:2      | Gained mutation: You regenerate magic rapidly. [demonic
                  | ancestry]
  1666 | D:2      | Reached XP level 4. HP: 26/33 MP: 5/5
  2081 | D:3      | Noticed Terence
  2099 | D:3      | Killed Terence
  2100 | D:3      | Reached skill level 3 in Unarmed Combat
  2100 | D:3      | Gained mutation: You regenerate a little health from kills.
                  | [demonic ancestry]
  2100 | D:3      | Reached XP level 5. HP: 4/39 MP: 6/6
  2625 | D:3      | Found an ancient bone altar of Kikubaaqudgha.
  3160 | D:4      | Reached skill level 4 in Unarmed Combat
  3160 | D:4      | Reached XP level 6. HP: 43/47 MP: 7/7
  3310 | D:4      | Reached skill level 1 in Armour
  3638 | D:4      | Succumbed to an orc's poison

Illustrated notes

Levels and vault maps discovered:
D:1:      dpeg_arrival_radiant, layout_loops_ring,
          dreamdust_ecumenical_altar_angels_and_demons, minmay_crystal_room
D:2:      layout_basic, basic_altar, chequers_jeans
D:3:      layout_rooms, kiku_gazebo_garden_becter, serial_undead,
          serial_undead_d, serial_undead_f, serial_undead_a, serial_undead_d,
          hangedman_decor_points, uniq_terence
D:4:      layout_gridville

Skill      XL: |  1  2  3  4  5  6 |
---------------+-------------------+-----
Staves         | 3 |  3.1
Fighting       | 1 2 3 |  3.6
Unarmed Combat | 1 2 3 4 |  4.3
Armour         | 1 |  1.3
Throwing       | |  1.0
Dodging        | |  1.0
Stealth        | |  1.0
Spellcasting   | |  1.0
Hexes          | |  2.0
Evocations     | |  1.0

Action                     |  1- 3 |  4- 6 || total
---------------------------+-------+-------++-------
  Melee: Quarterstaff      |   120 |    96 ||   216
         Unarmed           |       |    70 ||    70
  Throw: Dart              |     4 |     9 ||    13
    Use: Scroll            |     3 |     3 ||     6
         Potion            |     1 |     5 ||     6
   Stab: Invisible         |     1 |     1 ||     2
 Armour: Leather armour    |     7 |       ||     7
         Ring mail         |    11 |       ||    11
         Scale mail        |    39 |    99 ||   138
  Dodge: Dodged            |    60 |    97 ||   157
  Block: Buckler           |       |    11 ||    11

Table legend: (Time is in decaauts)
 A = Elapsed time spent in this place.
 B = Non-inter-level travel time spent in this place.
 C = Inter-level travel time spent in this place.
 D = Time resting spent in this place.
 E = Time spent auto-exploring this place.
 F = Levels seen in this place.
 G = Mean time per level.
                   A        B        C        D        E       F      G
               +--------+--------+--------+--------+--------+-----+--------+
         Total |   3641 |   3432 |    209 |    299 |   2307 |   4 |  910.2 |
       Dungeon |   3641 |   3432 |    209 |    299 |   2307 |   4 |  910.2 |
               +--------+--------+--------+--------+--------+-----+--------+

Top non-repeatable levels by time:
     D:1: 1081 daAuts
     D:2: 973 daAuts
     D:3: 800 daAuts
     D:4: 786 daAuts
